 Dungeon Crawl Stone Soup version 0.31-a0-188-g5e087ee2ca (webtiles) character file.

Game seed: 3536768601004814660

98 qw the Shooter (level 4, 0/25 HPs)
             Began as a Deep Elf Hunter on June 23, 2023.
             Slain by an ogre
             ... wielding a +0 giant spiked club
              (25 damage)
             ... on level 3 of the Dungeon.
             The game lasted 00:00:29 (1950 turns).

qw the Shooter (Deep Elf Hunter)                    Turns: 1950, Time: 00:00:30

Health: 0/25       AC:  5    Str: 10    XL:     4   Next: 43%
Magic:  6/6        EV: 11    Int: 14    God:
Gold:   121        SH:  0    Dex: 18    Spells: 3/3 levels left

rFire   . . .        Y - +1 shortbow (drain)
rCold   . . .        (shield currently unavailable)
rNeg    . . .        b - +0 ring mail
rPois   .            (no helmet)
rElec   .            (no cloak)
rCorr   .            (no gloves)
SInv    .            (no boots)
Will    .....        (no amulet)
Stlth   +            (no ring)
HPRegen 0.24/turn    (no ring)
MPRegen 0.10/turn

%: no passive effects
@: no status effects
A: no striking features
a: no special abilities


You were on level 3 of the Dungeon.
You visited 1 branch of the dungeon, and saw 3 of its levels.

You collected 121 gold pieces.


   Skills:
 - Level 1.5 Fighting
 + Level 7.9 Ranged Weapons
 - Level 2.4 Dodging
 - Level 1.2 Stealth


You had 3 spell levels left.
You didn't know any spells.
Your spell library was empty.

Inventory:

Hand Weapons
 Y - a +1 shortbow of draining (weapon)
Armour
 b - a +0 ring mail (worn)
Scrolls
 a - 6 scrolls of identify
Potions
 c - a potion of curing {unknown}
 d - a potion of mutation {unknown}

Dungeon Overview and Level Annotations

Branches:
Dungeon (3/15)

Altars:

Annotations:
D:2 1 runed translucent door, Crazy Yiuf


Message History

There is an open door here.
An orc comes into view. It is wielding a +0 club.
The orc shouts!
Enter note:
Enter note: You shoot an arrow.
The arrow hits the orc.
The orc is moderately wounded.
You shoot an arrow. The arrow barely misses the orc.
The orc curses loudly, as Orcs often do.
You shoot an arrow. The arrow hits the orc!
You kill the orc!
You now have 121 gold pieces (gained 8).
d - a smoky blue potion
Enter note:
Enter note:
Enter note:
Enter note: A frilled lizard comes into view.
An ogre comes into view. It is wielding a +0 giant spiked club.
Enter note:
Enter note:
Enter note:
Enter note: You shoot an arrow.
The arrow hits the frilled lizard.
You kill the frilled lizard!
You shoot an arrow. The arrow hits the ogre.
You drain the ogre.
The ogre is lightly wounded.
You shoot an arrow. The arrow hits the ogre!
The ogre is heavily wounded.
Enter note:
Enter note:
Enter note:
Enter note: You shoot an arrow.
The arrow hits the ogre.
The ogre is severely wounded.
You shoot an arrow. The arrow hits the ogre.
The ogre is almost dead.
The ogre hits you with a +0 giant spiked club!!
Ouch! That really hurt!
You die...

#.# #.# #.# # #.# #..
#.####.## #.#
.#....... #.#
........######### ##.#
#.....@........# .#.#
#.###.O#######.#######
.#.# #$...#
#.........#
.#.########
#.##.#####.#.#####.#
..............
..............#.#
##.########.#
##.#####.#.#.###.#
##.# ##'#+#..# #.#.#.#
#.# ...#######.......#
#.#.#.# #.#
#..........).....#
#.#.#.# #.#


You could see an ogre (drained).

Vanquished Creatures
  Terence (D:2)
  3 adders (D:2)
  2 worms (D:2)
  An orc (D:3)
  2 bats (D:1)
  4 endoplasms
  4 hobgoblins
  3 quokkas
  4 ball pythons
  A frilled lizard (D:3)
  3 giant cockroaches
  5 goblins
  3 kobolds
  3 rats
39 creatures vanquished.

Notes
Turn   | Place    | Note
-------+----------+-------------------------------------------
     0 | D:1      | qw the Deep Elf Hunter began the quest for the Orb.
     0 | D:1      | Reached XP level 1. HP: 12/12 MP: 3/3
     0 | D:1      | 0 ||| qw: Version: 0.3-a-9-g12657ce
     0 | D:1      | 0 ||| qw: Game counter: 3800
     0 | D:1      | 0 ||| qw: Always use a shield: true
     0 | D:1      | 0 ||| qw: God list: Okawaru
     0 | D:1      | 0 ||| qw: Allow faded altars: false
     0 | D:1      | 0 ||| qw: Do Orc after D:15 true
     0 | D:1      | 0 ||| qw: Do second Lair branch before Depths: true
     0 | D:1      | 0 ||| qw: Lair rune preference: random
     0 | D:1      | 0 ||| qw: Plans: Normal
     0 | D:1      | 0 ||| PLANNING D:1-11
    92 | D:1      | You fall into a shaft and drop 1 floor!
   295 | D:2      | 295 ||| READING 4 scrolls labelled MICWUEW JEFF.
   297 | D:2      | 297 ||| READING scroll labelled ZEHABREDYZI.
   301 | D:2      | Reached skill level 6 in Ranged Weapons
   301 | D:2      | Reached XP level 2. HP: 16/16 MP: 4/4
   301 | D:2      | 301 ||| DROPPING scroll of butterflies.
   501 | D:1      | 501 ||| READING scroll labelled FACAVAGONAOC.
   728 | D:1      | 728 ||| UPGRADING to +0 ring mail.
   738 | D:1      | 738 ||| DROPPING +0 leather armour.
   741 | D:1      | 741 ||| READING scroll labelled JUXKUPI FUUX.
   742 | D:1      | 742 ||| READING scroll labelled HOKOYCKI DIBUX.
   884 | D:2      | Found a runed translucent door.
   885 | D:2      | Noticed Crazy Yiuf
   950 | D:2      | Noticed Terence
   954 | D:2      | Reached XP level 3. HP: 20/20 MP: 5/5
   961 | D:2      | Killed Terence
   962 | D:2      | Reached skill level 7 in Ranged Weapons
  1039 | D:2      | Reached XP level 4. HP: 25/25 MP: 6/6
  1533 | D:2      | 1533 ||| READING scroll labelled QAMEPL VAEKHLEI.
  1638 | D:2      | 1638 ||| READING 6 scrolls of identify.
  1638 | D:2      | 1638 ||| IDENTIFYING inky potion
  1639 | D:2      | 1639 ||| DROPPING potion of magic.
  1944 | D:3      | Noticed an ogre
  1950 | D:3      | Slain by an ogre

Levels and vault maps discovered:
D:1:      lightli_molten_gateway, layout_basic, minmay_misc_feat_room,
          minmay_misc_feat_diagonals
D:2:      layout_loops_corners, uniq_terence, uniq_crazy_yiuf_cottage
D:3:      layout_basic

Skill      XL: |  1  2  3 |
---------------+----------+-----
Ranged Weapons | 6 7 |  7.9
Fighting       | |  1.5
Dodging        | |  2.4
Stealth        | |  1.2

Action                     |  1- 3 |  4- 6 || total
---------------------------+-------+-------++-------
   Fire: Shortbow          |    62 |    28 ||    90
    Use: Scroll            |     5 |     2 ||     7
 Armour: Leather armour    |     4 |       ||     4
         Ring mail         |     2 |     1 ||     3
  Dodge: Dodged            |     8 |       ||     8

Table legend:
 A = Non-vault XP
 B = Vault XP
 C = Vault XP percentage of total XP
 D = Non-vault monster count
 E = Vault monster count
 F = Vault count percentage of total count
                 A         B        C        D         E       F
            +---------+---------+-------+---------+---------+-------
      Total |     104 |      36 |  25.7 |      38 |       1 |   2.6
            +---------+---------+-------+---------+---------+-------
        D:1 |      24 |       0 |   0.0 |      16 |       0 |   0.0
        D:2 |      68 |      36 |  34.6 |      16 |       1 |   5.9
        D:3 |      12 |       0 |   0.0 |       6 |       0 |   0.0
            +---------+---------+-------+---------+---------+-------
